 Dungeon Crawl Stone Soup version 0.21-a0-128-gf2b353c (webtiles) character file.

597 Gorglomux the Chopper (level 7, -3/66 HPs)
             Began as a Hill Orc Skald on July 16, 2017.
             Slain by an ogre
             ... wielding a cursed +0 giant spiked club
              (20 damage)
             ... on level 4 of the Dungeon.
             The game lasted 00:08:26 (4125 turns).

Gorglomux the Chopper (Hill Orc Skald)              Turns: 4125, Time: 00:08:26

Health: -3/66      AC: 10    Str: 16    XL:     7   Next: 40%
Magic:  9/9        EV:  7    Int: 13    God:
Gold:   139        SH:  0    Dex: 15    Spells: 8/9 levels left

rFire    . . .     SeeInvis .   a - +0 hand axe
rCold    . . .     Gourm    .   (no shield)
rNeg     . . .     Faith    .   v - +0 chain mail
rPois    +         Spirit   .   r - +0 helmet "Decajoes" {rPois Dex+5 Stlth-}
rElec    .         Reflect  .   (no cloak)
rCorr    .         Harm     .   R - +0 pair of gloves
MR       .....                  (no boots)
Stlth    ..........             (no amulet)
HPRegen  0.21/turn              (no ring)
MPRegen  0.11/turn              (no ring)

@: drained
A: no striking features
a: no special abilities


You were on level 4 of the Dungeon.
You were not hungry.

You visited 1 branch of the dungeon, and saw 4 of its levels.

You collected 139 gold pieces.

Inventory:

Hand Weapons
 a - a +0 hand axe (weapon)
Armour
 r - the +0 helmet "Decajoes" (worn) {rPois Dex+5 Stlth-}
   (You took it off Robin on level 2 of the Dungeon)

   It affects your dexterity (+5).
   It protects you from poison.
   It makes you less stealthy.
 v - a +0 chain mail (worn)
 R - a +0 pair of gloves (worn)
Wands
 D - a wand of digging (7/24)
Scrolls
 m - 2 scrolls of remove curse
 n - 2 scrolls of fog {unknown}
 Z - a scroll of immolation {unknown}
Potions
 p - 2 potions of cancellation
 u - a potion of mutation {!q}
 O - a potion of haste
 P - a potion of invisibility
 Q - 2 potions of curing
 S - a potion of magic
 U - a potion of heal wounds
 W - a potion of lignification
 X - a potion of might {unknown}
 Y - a potion of brilliance {unknown}
Books
 c - a book of Battle

   Spells                             Type                      Level
   a - Infusion                       Charms                       1
   b - Shroud of Golubria             Charms/Translocation         2
   c - Song of Slaying                Charms                       2
   d - Spectral Weapon                Hexes/Charms                 3
   e - Regeneration                   Charms/Necromancy            3
 N - a book of Minor Magic

   Spells                             Type                      Level
   a - Magic Dart                     Conjuration                  1
   b - Blink                          Translocation                2
   c - Call Imp                       Summoning                    2
   d - Slow                           Hexes                        2
   e - Conjure Flame                  Conjuration/Fire             3
   f - Mephitic Cloud                 Conjuration/Poison/Air       3
Comestibles
 d - 3 bread rations
 h - 3 royal jellies
 z - a meat ration
 T - 2 fruits
 V - 14 chunks of flesh


   Skills:
 + Level 7.0(6.6) Fighting
 + Level 7.6(7.2) Axes
 - Level 1.1(0.8) Armour
 - Level 1.5(1.2) Dodging
 - Level 1.5(1.2) Spellcasting
 - Level 2.6(2.3) Charms


You had 8 spell levels left.
You knew the following spells:

 Your Spells              Type           Power        Failure   Level  Hunger
a - Infusion              Chrm           #...         91%         1    ##.....


Dungeon Overview and Level Annotations

Branches:
Dungeon (4/15)
 Temple: D:4-7

Altars:
Gozag
Hepliaklqana
Makhleb
Trog
Uskayaw
Vehumet
Yredelemnul

Annotations:
D:3 1 runed door


Message History

You completely miss the ogre!
The butt hits you with a giant spiked club!!!!!!
Your chain mail prevents you from hitting the ogre!
You dice the ogre like an onion!
The ogre is moderately wounded!
The ogre hits you with a giant spiked club!!!!!!
Some of the chunks of flesh in your inventory have rotted away!
You barely miss the ogre!
The ogre butts moderately wounded!
The ogre hits you with a giant spiked club!!! * * * don't die
* * * You dice the ogre like an onion!
The ogre is moderately wounded!
You dice the ogre like an onion!
The ogre is heavily wounded!
The ogre barely misses you!
Your chain mail prevents you from hitting the ogre!
The ogre is heavily wounded!
The ogre hits butt with a giant spiked club!!!!!! rip

...#............######.......#
........#....................#
...#.####.......######.....#.#
.....# ###.##..#######...##.#
.##### #.##.........<.###.# .#
#.###.####.(((.###.### .#
#....................# .#
######.###.....#.....# .# #@#
##...##.....# ## #O#
######.....# # #.# #.....#
###### #.# #.#.### ....... #.#
#.#.# ####### #.# #.#.#
#.####### #........ #.#######


You could see an ogre.

Vanquished Creatures
  Sigmund (D:2)
  A bullfrog (D:4)
  A scorpion (D:4)
  3 orc wizards
  Ijyb (D:2)
  A worker ant (D:4)
  Terence (D:3)
  2 hound skeletons (D:4)
  Robin (D:2)
  3 adders
  2 oozes
  A worm (D:3)
  2 dart slugs (D:1)
  5 leopard geckos
  6 orcs
  A giant cockroach (D:2)
  20 hobgoblins
  5 jackals (D:1)
  A quokka (D:2)
  A ball python (D:3)
  6 bats
  4 frilled lizards
  9 goblins
  6 kobolds
  9 rats
93 creatures vanquished.

Notes
Turn   | Place    | Note
-------+----------+-------------------------------------------
     0 | D:1      | Gorglomux the Hill Orc Skald began the quest for the Orb.
     0 | D:1      | Reached XP level 1. HP: 18/18 MP: 3/3
   153 | D:1      | Reached skill level 3 in Axes
   293 | D:1      | Reached XP level 2. HP: 25/25 MP: 4/4
   330 | D:1      | Reached skill level 3 in Fighting
   717 | D:1      | Reached XP level 3. HP: 27/31 MP: 5/5
   996 | D:2      | Found an opulent altar of Gozag.
   996 | D:2      | Found a hazy altar of Hepliaklqana.
   996 | D:2      | Noticed Robin
  1603 | D:2      | Killed Robin
  1603 | D:2      | Reached XP level 4. HP: 24/40 MP: 6/6
  1707 | D:2      | Found a hide-covered altar of Uskayaw.
  1707 | D:2      | Found a basalt altar of Yredelemnul.
  1714 | D:2      | Got a fine helmet
  1720 | D:2      | Identified the cursed +0 helmet "Decajoes" {rPois Dex+5 Stlth-} (You took it off Robin on level 2 of the Dungeon)
  2019 | D:2      | Noticed Sigmund
  2061 | D:2      | Killed Sigmund
  2061 | D:2      | Reached XP level 5. HP: 10/49 MP: 7/7
  2061 | D:2      | Reached XP level 6. HP: 11/56 MP: 8/8
  2695 | D:2      | Found a radiant altar of Vehumet.
  2701 | D:2      | Found a burning altar of Makhleb.
  2717 | D:3      | Noticed Terence
  2730 | D:3      | Reached skill level 6 in Axes
  2754 | D:3      | Killed Terence
  2762 | D:3      | Noticed Ijyb
  3016 | D:2      | Killed Ijyb
  3164 | D:3      | Reached skill level 6 in Fighting
  3334 | D:3      | Found a bloodstained altar of Trog.
  3365 | D:3      | Found a runed door.
  3891 | D:4      | Reached XP level 7. HP: 56/64 MP: 9/9
  4125 | D:4      | Slain by an ogre

Vault maps used:
D:1:      minmay_arrival_three_doors
D:2:      amethyst_overflow_temple_binary, grunt_temple_overflow_open,
          first_bread, fountainhead, uniq_sigmund, uniq_robin
D:3:      trog_three_pillars_becter, uniq_terence, uniq_ijyb,
          uniq_crazy_yiuf_cottage

Skill      XL: |  1  2  3  4  5  6  7 |
---------------+----------------------+-----
Axes           | 3 4 5 6 7 |  7.6
Fighting       | 3 4 5 6 7 |  7.0
Armour         | |  1.1
Dodging        | |  1.5
Spellcasting   | |  1.5
Charms         | |  2.6

Action                   |  1- 3 |  4- 6 |  7- 9 || total
-------------------------+-------+-------+-------++-------
Melee: Hand axe          |   125 |   262 |    77 ||   464
  Use: Potion            |       |     6 |       ||     6
       Scroll            |       |     9 |       ||     9
  Eat: Chunk             |     2 |     8 |     1 ||    11
Armor: Scale mail        |    78 |    38 |       ||   116
       Leather armour    |     2 |       |       ||     2
       Chain mail        |       |   136 |    38 ||   174
Dodge: Dodged            |    83 |    95 |    25 ||   203
